 Dungeon Crawl Stone Soup version 0.31-a0-836-g3ceb0a68c4 (webtiles) character file.

Game seed: 5815295553147133439

149 quinnr the Stinger (level 5, -2/28 HPs)
             Began as a Tengu Venom Mage on Sept 26, 2023.
             Was an Initiate of Vehumet.
             Splashed by a jelly's acid (7 damage)
             ... on level 3 of the Dungeon.
             The game lasted 00:06:13 (4095 turns).

quinnr the Stinger (Tengu Venom Mage)               Turns: 4095, Time: 00:06:14

Health: -2/28      AC:  0    Str:  8    XL:     5   Next: 31%
Magic:  6/9        EV: 11    Int: 17    God:    Vehumet [......]
Gold:   116        SH:  4    Dex: 15    Spells: 2/8 levels left

rFire   . . .        (no weapon)
rCold   . . .        f - +0 buckler
rNeg    . . .        a - +0 robe
rPois   .            (helmet restricted)
rElec   .            (no cloak)
rCorr   .            q - +1 pair of gloves {Stlth+}
SInv    .            (boots unavailable)
Will    .....        (no amulet)
Stlth   +++          (no ring)
HPRegen 0.24/turn    (no ring)
MPRegen 0.11/turn

%: acrobat
@: corroded
A: beak, talons 3, acrobatic
a: Renounce Religion


You were on level 3 of the Dungeon.
You worshipped Vehumet.
Vehumet was noncommittal.
You visited 1 branch of the dungeon, and saw 5 of its levels.

You collected 116 gold pieces.


Innate Abilities, Weirdness & Mutations

You have a beak for a mouth.
You have claws for feet.
You can magically evade attacks while moving or waiting.


   Skills:
 - Level 2.1 Dodging
 - Level 2.0 Stealth
 - Level 2.0 Shields
 + Level 2.1 Spellcasting
 + Level 2.2 Conjurations
 - Level 0.7 Transmutations
 + Level 2.5 Air Magic
 + Level 4.3 Poison Magic


You had 2 spell levels left.
You knew the following spells:

 Your Spells              Type           Power      Damage    Failure   Level
m - Mephitic Cloud        Conj/Pois/Air  12%        N/A       26%         3
p - Poisonous Vapours     Pois/Air       26%        N/A       11%         2
z - Sting                 Tmut/Pois      40%        1d5       11%         1

Your spell library contained the following spells:

 Spells                   Type           Power      Damage    Failure   Level
 Olgreb's Toxic Radiance  Pois           16%        N/A       45%         4

Inventory:

Armour
 a - a +0 robe (worn)
 f - a +0 buckler (worn)
 l - a scarf of harm
 o - a +0 pair of gloves
 q - a +1 pair of gloves of stealth (worn)
Wands
 g - a wand of flame (6)
Scrolls
 c - 2 scrolls of fear {unknown}
 d - a scroll of teleportation {unknown}
 e - 3 scrolls of identify {unknown}
 h - a scroll of revelation {unknown}
 i - 2 scrolls of amnesia
 j - 2 scrolls of enchant weapon {unknown}
 n - a scroll of vulnerability {unknown}
Potions
 b - a potion of magic
 k - a potion of might {unknown}
 m - a potion of attraction {unknown}
 p - a potion of brilliance {unknown}

Dungeon Overview and Level Annotations

Branches:
Dungeon (5/15)
 Temple: D:4-7

Altars:
Okawaru
Vehumet

Shops:
D:3 !

Annotations:
D:3 2 transporters, 1 runed translucent door, Crazy Yiuf
D:4 exclusions: 2 downstairs and orc priest
D:5 Grinder, Sigmund

#......#.##...#...
#.####.#.#........
#.# #>...........
#.# ###.#[......#
#.######......#.##
#...............#
#..######.#######
#J.# #.# #@.# #.#
####..# #.#
#.<...# ###.#
#.###.# #...## #.#
#.# #....#######
#.# #.#
#..#........ #.#
#.# ##...######.
#.# #.######.## #.
#.# #........# #.


You could see a jelly.


Message History

You hit the jelly.
Your hands burn!
You claw the jelly. You peck the jelly, but do no damage.
The jelly is lightly wounded.
The jelly hits you but does no damage.
You hit the jelly but do no damage.
Your hands burn!
You claw the jelly, but do no damage. You peck the jelly.
The jelly is moderately wounded.
The jelly hits you.
You are splashed with acid!
* * * LOW HITPOINT WARNING * * *
Casting: Poisonous Vapours (safe; 11% risk of failure)
Confirm with . or Enter, or press ? or * to list all spells.
Aiming: Sting (safe; 11% risk of failure)
Press: ? - help, Shift-Dir - straight line, f - jelly
Aim: a jelly (moderately wounded, 100% to hit)
The sting hits the jelly.
The jelly partially resists.
The jelly is heavily wounded.
The jelly hits you.
* * * LOW HITPOINT WARNING * * *
The acid corrodes you!
You are splashed with acid!
* * * LOW HITPOINT WARNING * * *
Unknown command.
The jelly attacks as it pursues you! The jelly closely misses you.
Okay, then.
As you read the scroll labelled ADAMOM FUVER, it crumbles to dust.
It is a scroll of amnesia.
Okay, then.
The jelly hits you.
* * * LOW HITPOINT WARNING * * *
The acid corrodes you!
You are splashed with acid!
You die...

Skill      XL: |  1  2  3  4  5 |
---------------+----------------+-----
Shields        | 1 2 |  2.0
Air Magic      | 1 2 |  2.5
Poison Magic   | 4 |  4.3
Conjurations   | 1 2 |  2.2
Dodging        | |  2.1
Stealth        | |  2.0
Spellcasting   | |  2.1
Transmutations | |  0.7

Action                     |  1- 3 |  4- 6 || total
---------------------------+-------+-------++-------
  Melee: Unarmed           |    12 |    23 ||    35
         Kick              |     8 |     5 ||    13
         Peck              |     2 |     4 ||     6
   Cast: Sting             |    55 |    14 ||    69
         Poisonous Vapours |    28 |    14 ||    42
  Evoke: Wand              |       |     1 ||     1
    Use: Potion            |     2 |       ||     2
         Scroll            |       |     1 ||     1
 Armour: Robe              |    14 |    17 ||    31
  Dodge: Dodged            |    32 |    26 ||    58
  Block: Buckler           |     5 |     8 ||    13

Levels and vault maps discovered:
D:1:      evilmike_arrival_plus, layout_basic
D:2:      layout_loops_ring
D:3:      layout_loops_ring, serial_shops, nicolae_shop_drivethru,
          uniq_crazy_yiuf_cottage
D:4:      layout_loops_cross, gammafunk_temple_overflow_elements
D:5:      layout_rooms, serial_shops, shop, uniq_edmund, uniq_prince_ribbit1,
          uniq_sigmund, uniq_blork_the_orc, uniq_menkaure, uniq_grinder,
          uniq_pikel

Notes
Turn   | Place    | Note
-------+----------+-------------------------------------------
     0 | D:1      | quinnr the Tengu Venom Mage began the quest for the Orb.
     0 | D:1      | Reached XP level 1. HP: 10/10 MP: 4/4
   140 | D:1      | Reached XP level 2. HP: 15/15 MP: 4/6
   699 | D:1      | Learned a level 2 spell: Poisonous Vapours
   710 | D:1      | Reached skill level 1 in Shields
   886 | D:2      | Reached XP level 3. HP: 16/19 MP: 3/7
  1703 | D:3      | Reached skill level 1 in Air Magic
  2117 | D:3      | Found a transporter.
  2469 | D:3      | Found a runed translucent door.
  2470 | D:3      | Noticed Crazy Yiuf
  2510 | D:3      | Found a transporter.
  2514 | D:3      | Found Jyjajow's Distillery.
  2546 | D:3      | Learned a level 3 spell: Mephitic Cloud
  2765 | D:4      | Found an iron altar of Okawaru.
  2765 | D:4      | Found a radiant altar of Vehumet.
  2817 | D:4      | Became a worshipper of Vehumet
  3054 | D:5      | Entered Level 5 of the Dungeon
  3272 | D:4      | Reached skill level 4 in Poison Magic
  3353 | D:4      | Reached skill level 1 in Conjurations
  3353 | D:4      | Reached XP level 4. HP: 23/24 MP: 0/8
  3511 | D:4      | Reached skill level 2 in Air Magic
  3724 | D:4      | Reached skill level 2 in Shields
  3724 | D:4      | Reached XP level 5. HP: 26/28 MP: 1/9
  3933 | D:5      | Noticed Grinder
  3942 | D:4      | Reached skill level 2 in Conjurations
  4052 | D:5      | Noticed Sigmund
  4095 | D:3      | Splashed by a jelly's acid

Vanquished Creatures
  2 hounds (D:4)
  An iguana (D:4)
  A worm (D:4)
  2 dart slugs (D:1)
  An orc (D:4)
  6 bats
  6 endoplasms
  2 giant cockroaches (D:4)
  5 hobgoblins
  5 jackals
  4 kobolds
  A quokka (D:4)
  4 ball pythons
  3 frilled lizards
  5 goblins
  4 rats
52 creatures vanquished.

Table legend: (Time is in decaauts)
 A = Elapsed time spent in this place.
 B = Non-inter-level travel time spent in this place.
 C = Inter-level travel time spent in this place.
 D = Time resting spent in this place.
 E = Time spent auto-exploring this place.
 F = Levels seen in this place.
 G = Mean time per level.
                   A        B        C        D        E       F      G
               +--------+--------+--------+--------+--------+-----+--------+
         Total |   4098 |   3913 |    185 |     63 |   3261 |   5 |  819.6 |
       Dungeon |   4098 |   3913 |    185 |     63 |   3261 |   5 |  819.6 |
               +--------+--------+--------+--------+--------+-----+--------+

Top non-repeatable levels by time:
     D:4: 1472 daAuts
     D:3: 944 daAuts
     D:1: 875 daAuts
     D:2: 793 daAuts
     D:5: 12 daAuts

Table legend:
 A = Non-vault XP
 B = Vault XP
 C = Vault XP percentage of total XP
 D = Non-vault monster count
 E = Vault monster count
 F = Vault count percentage of total count
                 A         B        C        D         E       F
            +---------+---------+-------+---------+---------+-------
      Total |     213 |       0 |   0.0 |      52 |       0 |   0.0
            +---------+---------+-------+---------+---------+-------
        D:1 |      32 |       0 |   0.0 |      17 |       0 |   0.0
        D:2 |      12 |       0 |   0.0 |       8 |       0 |   0.0
        D:3 |      16 |       0 |   0.0 |      10 |       0 |   0.0
        D:4 |     153 |       0 |   0.0 |      17 |       0 |   0.0
            +---------+---------+-------+---------+---------+-------

Levels and vault maps discovered:
D:1:      evilmike_arrival_plus, layout_basic
D:2:      layout_loops_ring
D:3:      layout_loops_ring, serial_shops, nicolae_shop_drivethru,
          uniq_crazy_yiuf_cottage
D:4:      layout_loops_cross, gammafunk_temple_overflow_elements
D:5:      layout_rooms, serial_shops, shop, uniq_edmund, uniq_prince_ribbit1,
          uniq_sigmund, uniq_blork_the_orc, uniq_menkaure, uniq_grinder,
          uniq_pikel
